AoeStats
← 沒起房子我日

Nomad

507985541Analyzed
4v4 RM · 11d ago on Sep 20, 2026· 40m 0s· 8 players
Game mode
Random Map
Map size
231×231
Population
200
Speed
Normal
Resources
Standard
Victory
Conquest
Starting age
Dark Age
Ending age
Imperial Age
RankedLock teamsTeams togetherTeam positionsShared explorationLock speedFull tech treeHidden civsTurbo modeCheats
Victory
Defeat
🇩🇪 Cumans · Germany
1565
+14
🇩🇪 Wu · Germany
1530
+15
🇨🇭 Ethiopians · Switzerland
1483
+17
🇹🇼 Tupi · Taiwan
1448
+18
🇨🇳 Dravidians · China
1638
-21
🇨🇳 Poles · China
1510
-16
🇦🇷 Turks · Argentina
1451
-14
🇨🇳 Britons · China
1425
-13
虎!虎!虎!
5:39 Loom
15:24 Feudal Age
18:24 Double-Bit Axe
20:56 Wheelbarrow
23:06 Town Watch
26:09 Castle Age
27:25 Hand Cart
28:12 Fishing Lines
29:02 Bow Saw
39:32 Gold Mining
39:32 Stone Mining
姬七兮
4:59 Loom
12:44 Feudal Age
16:40 Castle Age
14:47 Fishing Lines
16:42 Double-Bit Axe
16:52 Fletching
17:40 Bow Saw
20:22 Ballistics
22:59 Bodkin Arrow
28:06 Wheelbarrow
27:44 Padded Archer Armor
33:27 Leather Archer Armor
39:08 Imperial Age
[TAIDA]= =
4:40 Loom
15:01 Feudal Age
19:03 Castle Age
21:31 Wheelbarrow
21:43 Double-Bit Axe
21:40 Horse Collar
22:44 Bow Saw
24:48 Town Watch
25:03 Fletching
27:16 Bloodlines
27:54 Padded Archer Armor
28:29 Bodkin Arrow
29:52 Leather Archer Armor
38:27 Hand Cart
38:56 Heavy Plow
39:49 Thumb Ring
chenst2020
5:46 Loom
14:07 Feudal Age
18:02 Castle Age
15:53 Double-Bit Axe
16:15 Fletching
19:07 Medium Warships
18:39 Fishing Lines
19:50 Bodkin Arrow
22:46 Wheelbarrow
22:38 Stone Mining
25:24 Bow Saw
27:04 Scale Mail Armor
27:15 Forging
27:13 Pikeman
27:53 Squires
33:14 Imperial Age
31:40 Padded Archer Armor
32:57 Ballistics
32:54 Leather Archer Armor
33:21 Thumb Ring
34:53 Hand Cart
35:29 Horse Collar
36:37 Bracer
37:07 Ring Archer Armor
36:07 Elite Elephant Archer
39:10 Conscription
39:53 Husbandry
41:03 Chemistry
沒起房子我日
13:56 Feudal Age
12:48 Loom
14:51 Double-Bit Axe
15:08 Double-Bit Axe
17:33 Castle Age
15:57 Horse Collar
17:00 Town Watch
18:36 Bow Saw
18:47 Fletching
25:16 Wheelbarrow
24:50 Bodkin Arrow
25:43 Gold Mining
26:23 Padded Archer Armor
27:07 Heavy Plow
27:45 Stone Mining
33:12 Imperial Age
31:40 Leather Archer Armor
32:06 Gold Shaft Mining
33:47 Ballistics
33:57 Bracer
35:00 Chemistry
35:25 Ring Archer Armor
37:24 Conscription
37:04 Elite Blackwood Archer
39:14 Curare
F1NBLOO
9:31 Loom
12:19 Feudal Age
13:19 Double-Bit Axe
19:21 Castle Age
20:04 Town Watch
20:31 Bow Saw
20:04 Horse Collar
21:17 Medium Warships
25:15 Heavy Plow
26:21 Wheelbarrow
25:55 Fletching
26:05 Gold Mining
26:20 Crossbowman
27:52 Thumb Ring
28:23 Bodkin Arrow
29:55 Gold Shaft Mining
31:33 Hand Cart
34:12 Imperial Age
31:36 Stone Mining
32:17 Ballistics
32:03 Padded Archer Armor
34:56 Bracer
36:00 Chemistry
34:24 Arbalester
35:45 Leather Archer Armor
37:59 Coinage
39:24 Conscription
Sternburg Export
9:32 Loom
12:31 Feudal Age
15:51 Fletching
23:39 Castle Age
22:48 Padded Archer Armor
23:43 Crossbowman
29:36 Bodkin Arrow
30:52 Leather Archer Armor
30:56 Horse Collar
34:52 Double-Bit Axe
36:12 Bow Saw
37:18 Gold Mining
37:18 Stone Mining
39:41 Scale Mail Armor
40:29 Masonry
DonDanileau
4:07 Loom
13:17 Feudal Age
20:00 Castle Age
19:22 Bloodlines
19:52 Scale Barding Armor
21:42 Forging
27:00 Iron Casting
28:22 Medium Warships
30:29 Horse Collar
35:27 Demolition Ship
37:32 Wheelbarrow
36:43 Town Watch
41:14 Imperial Age
Connection lost

Rejoining the realm…

Still unreachable

The connection could not be restored.

Session expired

The server has moved on; the page needs a fresh start.